 Dungeon Crawl Stone Soup version 0.29-a0-732-g3d7fbe0af2 (webtiles) character file.

Game seed: 2159081682070289759

800 coolguy69 the Sneak (level 7, 0/37 HPs)
             Began as a Vine Stalker Monk on June 30, 2022.
             Was a Priest of Okawaru.
             Slain by a shadow (26 damage)
             ... on level 6 of the Dungeon.
             The game lasted 00:05:36 (5259 turns).

coolguy69 the Sneak (Vine Stalker Monk)             Turns: 5259, Time: 00:05:36

Health: 0/37       AC:  5    Str: 20    XL:     7   Next: 90%
Magic:  0/8        EV: 17    Int: 13    God:    Okawaru [***...]
Gold:   338        SH:  0    Dex: 18    Spells: 6/6 levels left

rFire   . . .      SeeInvis .   g - +3 dagger "Gituree" {drain, *Noise rPois rCorr Int+3}
rCold   . . .      Faith    .   (no shield)
rNeg    . . .      Spirit   +   a - +0 leather armour
rPois   +          Reflect  .   (no helmet)
rElec   .          Harm     .   n - +0 cloak
rCorr   +          Rampage  .   t - +0 pair of gloves
Will    .....                   (no boots)
Stlth   +++.......              (no amulet)
HPRegen 0.92/turn               l - +4 ring of evasion
MPRegen 0.11/turn               u - +6 ring of strength

@: no status effects
A: fangs 2, regeneration 1, magic shield, antimagic bite, no potion heal 2
a: Renounce Religion, Heroism


You were on level 6 of the Dungeon.
You worshipped Okawaru.
Okawaru was most pleased with you.
You visited 2 branches of the dungeon, and saw 7 of its levels.

You collected 338 gold pieces.

Inventory:

Hand Weapons
 g - the +3 dagger "Gituree" (weapon) {drain, *Noise rPois rCorr Int+3}
   (You found it on level 4 of the Dungeon)

   A truly terrible weapon, it drains the life of any living foe it strikes.
   Int:       It affects your intelligence (+3).
   rPois:     It protects you from poison.
   *Noise:    It may make noises in combat.
   rCorr:     It protects you from acid and corrosion.
 h - a +3 dagger
Armour
 a - a +0 leather armour (worn)
 n - a +0 cloak (worn)
 t - a +0 pair of gloves (worn)
Jewellery
 l - a +4 ring of evasion (left hand)
 u - a +6 ring of strength (right hand)
 w - a +6 ring of intelligence
Wands
 j - a wand of iceblast (14)
 q - a wand of digging (3)
 r - a wand of quicksilver (4)
Scrolls
 b - 2 scrolls of brand weapon
 d - 2 scrolls of poison {unknown}
 e - a scroll of immolation {unknown}
 f - a scroll of enchant weapon {unknown}
 k - a scroll of fear
 m - a scroll of fog
 o - 3 scrolls of teleportation
 y - a scroll of acquirement {unknown}
Potions
 c - 2 potions of ambrosia
 i - 2 potions of curing
 p - a potion of attraction {unknown}
 s - a potion of degeneration {unknown}
 v - 2 potions of heal wounds {unknown}
 x - a potion of flight {unknown}


   Skills:
 + Level 4.0 Fighting
 + Level 4.9 Short Blades
 + Level 3.1 Armour
 + Level 3.5 Dodging
 + Level 5.4 Stealth


You had 6 spell levels left.
You didn't know any spells.
Your spell library contained the following spells:

 Spells                   Type           Power      Damage    Failure   Level
 Beastly Appendage        Tmut           0%         N/A       34%         1
 Wereblood                Tmut           0%         N/A       47%         2
 Spider Form              Tmut/Pois      0%         N/A       71%         3


Dungeon Overview and Level Annotations

Branches:
Dungeon (6/15)             Temple (1/1) D:4

Altars:
Ashenzari
Cheibriados
Dithmenos
Elyvilon
Fedhas
Gozag
Hepliaklqana
Kikubaaqudgha
Makhleb
Nemelex Xobeh
Okawaru
Qazlal
Ru
Sif Muna
Uskayaw
Vehumet
Wu Jian
Zin
The Shining One


Innate Abilities, Weirdness & Mutations

You have extremely sharp teeth.
Your natural rate of healing is unusually fast.
When hurt, damage is shared between your health and your magic reserves.
Your bite disrupts and absorbs the magic of your enemies.
Potions cannot restore your health.


Message History

The orc closely misses you.
You hit the orc but do no damage. You drain the orc. Your bite misses the orc.
The orc is moderately wounded.
You hit the orc but do no damage. You drain the orc. You bite the orc.
You kill the orc!
Okawaru accepts your kill. The orc closely misses you.
You hit the orc. You drain the orc. Your bite misses the orc.
The orc is severely wounded.
The orc completely misses you. The orc misses you.
You hit the orc.
You kill the orc!
Okawaru accepts your kill.
You hit the orc. You bite the orc.
You kill the orc!
Okawaru accepts your kill.
The shadow slips into darkness.
The shadow flickers and vanishes!
Deactivating autopickup; reactivate with Ctrl-A.
There is a strange disturbance nearby!
No target in view!
There is a strange disturbance nearby!
No target in view!
No target in view!
No target in view!
No target in view!
Unknown command.
Things that are here:
a +0 short sword; 3 silver boomerangs; a +0 leather armour You hit something but do no damage.
You bite something.
The shadow strikes at you from the darkness!
Reactivating autopickup.
You hit the shadow but do no damage.
The shadow slips into darkness.
The shadow flickers and vanishes!
Deactivating autopickup; reactivate with Ctrl-A.
You closely miss something.
The shadow strikes at you from the darkness!
Ouch! That really hurt!
You die...

....# ....# #.# ....#
#.# +#..# #.# # .....
#.#.# # .#..######
##.#.##.# ##.......###
.[....
###.######.#####)#.##.##
................@{......
###.######!##.#....##.##
#.# #.##.#....# #.#
.....)....... #.#
##.#####...### #.. ...
...... ### #.# ##<.###
#.# ...


There were no monsters in sight!

Vanquished Creatures
  Blork the orc (D:4)
  A bullfrog (D:6)
  5 scorpions
  A hound (D:5)
  Crazy Yiuf (D:2)
  An orc priest (D:5)
  An iguana (D:5)
  3 gnolls (D:3)
  7 adders
  3 river rats (D:3)
  3 ufetubi (D:5)
  A worm (D:3)
  4 dart slugs
  15 orcs
  4 bats
  6 endoplasms
  3 giant cockroaches
  8 goblins (D:1)
  7 hobgoblins
  4 jackals
  6 quokkas
  2 ball pythons
  2 frilled lizards (D:1)
  6 kobolds
  11 rats
106 creatures vanquished.

Notes
Turn   | Place    | Note
-------+----------+-------------------------------------------
     0 | D:1      | coolguy69 the Vine Stalker Monk began the quest for the
                  | Orb.
     0 | D:1      | Reached XP level 1. HP: 11/11 MP: 2/2
   229 | D:1      | Reached XP level 2. HP: 14/16 MP: 1/3
   347 | D:1      | Found a faded altar of an unknown god.
   605 | D:1      | Reached XP level 3. HP: 18/20 MP: 4/4
  1737 | D:2      | Reached skill level 3 in Stealth
  1934 | D:2      | Found a runed translucent door.
  1935 | D:2      | Noticed Crazy Yiuf
  1966 | D:2      | Gained mutation: Your natural rate of healing is unusually
                  | fast. [Vine Stalker growth]
  1966 | D:2      | Reached XP level 4. HP: 24/24 MP: 5/5
  2108 | D:2      | You fall into a shaft and drop 2 floors!
  2111 | D:4      | Noticed Blork the orc
  2121 | D:4      | Killed Blork the orc
  2122 | D:4      | Reached XP level 5. HP: 27/28 MP: 3/6
  2189 | D:4      | Reached skill level 1 in Armour
  2514 | D:4      | Found a staircase to the Ecumenical Temple.
  2628 | Temple   | Entered the Ecumenical Temple
  2677 | Temple   | Became a worshipper of Warmaster Okawaru
  2677 | Temple   | Reached * piety under Okawaru
  2677 | Temple   | Reached ** piety under Okawaru
  3075 | D:5      | Entered Level 5 of the Dungeon
  3080 | D:5      | Reached skill level 4 in Stealth
  3080 | D:5      | Reached XP level 6. HP: 32/32 MP: 7/7
  3233 | D:5      | Reached XP level 7. HP: 19/36 MP: 6/8
  3242 | D:5      | HP: 1/54 [iguana (8)]
  3322 | D:4      | Identified the +3 dagger "Gituree" {drain, *Noise rPois
                  | rCorr Int+3}
  3427 | D:3      | Found a broken altar of Ashenzari.
  3429 | D:3      | Found a glowing silver altar of Zin.
  3788 | D:3      | Found a glowing drain.
  3991 | D:3      | Found a glowing golden altar of the Shining One.
  4176 | D:3      | Reached skill level 5 in Stealth
  4552 | D:2      | Killed Crazy Yiuf
  5198 | D:6      | Reached *** piety under Okawaru
  5249 | D:6      | Noticed a shadow
  5259 | D:6      | Slain by a shadow

Illustrated notes

Levels and vault maps discovered:
D:1:      lemuel_arrival_hallway, layout_loops_corners,
          hellmonk_ecumenical_altar_leap_of_faith
D:2:      layout_basic, nicolae_figureground_pulse, uniq_crazy_yiuf_cottage
D:3:      layout_basic, mainiacjoe_overflow_alcove_2,
          mainiacjoe_overflow_catwalk_spiral, gup_sewer_entry_spiral
D:4:      layout_gridville, minmay_temple_entry_offerings, uniq_blork_the_orc
D:5:      layout_basic
D:6:      layout_basic, yredelemnul_forgotten_temple_becter,
          trog_butcher_becter, uniq_duvessa
Temple:   eino_temple_rhombus

Skill      XL: |  1  2  3  4  5  6  7 |
---------------+----------------------+-----
Short Blades   | 3 4 |  4.9
Fighting       | 3 4 |  4.0
Stealth        | 3 4 5 |  5.4
Armour         | 2 3 |  3.1
Dodging        | 3 |  3.5

Action                   |  1- 3 |  4- 6 |  7- 9 || total
-------------------------+-------+-------+-------++-------
Melee: Short sword       |    59 |       |       ||    59
       Bite              |    18 |    18 |    32 ||    68
       Dagger            |    43 |    89 |   115 ||   247
       Punch             |     1 |       |     1 ||     2
Invok: Heroism           |       |       |     1 ||     1
  Use: Potion            |       |     2 |     1 ||     3
       Scroll            |       |     3 |     1 ||     4
 Stab: Sleeping          |     5 |     5 |     9 ||    19
Armor: Robe              |     6 |       |       ||     6
       Leather armour    |    12 |    18 |    11 ||    41
Dodge: Dodged            |    50 |    55 |    80 ||   185

Table legend: (Time is in decaauts)
 A = Elapsed time spent in this place.
 B = Non-inter-level travel time spent in this place.
 C = Inter-level travel time spent in this place.
 D = Time resting spent in this place.
 E = Time spent auto-exploring this place.
 F = Levels seen in this place.
 G = Mean time per level.
                   A        B        C        D        E       F      G
               +--------+--------+--------+--------+--------+-----+--------+
         Total |   5258 |   4777 |    481 |     65 |   3892 |   7 |  751.1 |
       Dungeon |   5074 |   4616 |    458 |     65 |   3743 |   6 |  845.7 |
        Temple |    183 |    161 |     22 |      0 |    149 |   1 |  183.0 |
               +--------+--------+--------+--------+--------+-----+--------+

Top non-repeatable levels by time:
     D:1: 1440 daAuts
     D:3: 998 daAuts
     D:2: 944 daAuts
     D:4: 918 daAuts
     D:5: 684 daAuts
  Temple: 183 daAuts
     D:6: 87 daAuts
